AoeStats
← Křovák

Arena

510152125Analyzed
1v1 RM · 3d ago on Sep 29, 2026· 50m 43s· 2 players
Game mode
Random Map
Map size
Tiny (2 player)
Population
200
Speed
Normal
Resources
Standard
Victory
Conquest
Starting age
Dark Age
Ending age
Imperial Age
RankedLock teamsTeams togetherTeam positionsShared explorationLock speedFull tech treeHidden civsTurbo modeCheats
Victory
Defeat
🇨🇿 Bohemians · Czechia
859
+15
🇮🇹 Gurjaras · Italy
846
-15
ilLobotomo
0:48 Loom
13:29 Feudal Age
14:12 Horse Collar
14:19 Double-Bit Axe
17:17 Castle Age
16:40 Wheelbarrow
18:33 Heavy Plow
18:44 Bow Saw
18:07 Light Cavalry
19:22 Husbandry
21:19 Bloodlines
23:25 Hand Cart
22:56 Town Watch
26:48 Town Patrol
31:57 Forging
31:53 Scale Barding Armor
33:48 Chain Barding Armor
34:04 Iron Casting
35:31 Masonry
38:30 Gold Mining
38:39 Stone Mining
39:49 Ballistics
40:51 Fletching
41:01 Padded Archer Armor
41:48 Gold Shaft Mining
41:49 Stone Shaft Mining
44:48 Elite Skirmisher
Křovák
8:16 Loom
11:56 Feudal Age
16:34 Castle Age
14:21 Double-Bit Axe
14:39 Horse Collar
17:38 Bow Saw
17:52 Heavy Plow
26:13 Town Watch
25:51 Pikeman
26:32 Squires
26:27 Fletching
31:06 Imperial Age
30:14 Murder Holes
32:24 Bodkin Arrow
34:54 Chemistry
36:15 Forging
37:56 Halberdier
38:39 Scale Mail Armor
39:33 Bracer
40:08 Iron Casting
41:09 Ballistics
41:06 Chain Mail Armor
44:53 Plate Mail Armor
45:24 Blast Furnace
47:29 Two-Man Saw
Connection lost

Rejoining the realm…

Still unreachable

The connection could not be restored.

Session expired

The server has moved on; the page needs a fresh start.